 Dungeon Crawl Stone Soup version 0.31-a0-222-gefeffbb62a (webtiles) character file.

Game seed: 17235980514033368116

101 coffeetime the Grasshopper (level 4, 0/38 HPs)
             Began as a Gnoll Warper on July 6, 2023.
             Was a Believer of Dithmenos.
             Slain by an orc wizard
             ... wielding a +0 dagger
              (2 damage)
             ... on level 1 of the Dungeon.
             The game lasted 00:05:00 (2060 turns).

coffeetime the Grasshopper (Gnoll Warper)           Turns: 2060, Time: 00:05:00

Health: 0/38       AC:  4    Str: 17    XL:     4   Next: 75%
Magic:  11/11      EV: 13    Int: 12    God:    Dithmenos [**....]
Gold:   85         SH:  0    Dex: 13    Spells: 13/13 levels left

rFire   . . .        q - +0 short sword
rCold   . . .        (no shield)
rNeg    . . .        b - +0 leather armour
rPois   .            x - +0 helmet
rElec   .            (no cloak)
rCorr   +            (no gloves)
SInv    .            (no boots)
Will    .....        k - amulet of the acrobat
Stlth   +            m - +6 ring of strength
HPRegen 0.26/turn    o - ring of resist corrosion
MPRegen 0.12/turn

%: acrobat
@: confused, wreathed by umbra
A: fangs 1, strong nose, distributed training
a: Renounce Religion, Shadow Step


You were on level 1 of the Dungeon.
You worshipped Dithmenos.
Dithmenos was pleased with you.
You visited 1 branch of the dungeon, and saw 2 of its levels.

You collected 85 gold pieces.

Inventory:

Hand Weapons
 a - a +0 spear
 q - a +0 short sword (weapon)
Missiles
 d - 6 boomerangs of dispersal (quivered)
 u - 10 stones
Armour
 b - a +0 leather armour (worn)
 n - a +0 tower shield
 x - a +0 helmet (worn)
Jewellery
 h - a ring of see invisible
 k - an amulet of the acrobat (around neck)
 m - a +6 ring of strength (left hand)
 o - a ring of resist corrosion (right hand)
 p - a ring of willpower
 s - a +6 ring of strength
Scrolls
 c - a scroll of blinking
 g - a scroll of brand weapon {unknown}
 j - 2 scrolls of teleportation {unknown}
 l - 2 scrolls of fog {unknown}
 r - a scroll of identify {unknown}
Potions
 e - a potion of haste {unknown}
 f - a potion of ambrosia {unknown}
 i - 2 potions of mutation {unknown}
 t - a potion of heal wounds {unknown}
 v - a potion of curing {unknown}
 w - a potion of lignification {unknown}


   Skills:
 + Level 4.7 Fighting
 + Level 1.2 Short Blades
 + Level 1.2 Long Blades
 + Level 1.2 Axes
 + Level 1.2 Maces & Flails
 + Level 4.7 Polearms
 + Level 1.2 Staves
 + Level 1.2 Ranged Weapons
 + Level 2.8 Throwing
 + Level 2.8 Armour
 + Level 4.7 Dodging
 + Level 1.2 Stealth
 + Level 1.2 Shields
 + Level 1.2 Unarmed Combat
 + Level 5.1 Spellcasting
 + Level 1.0 Conjurations
 + Level 1.0 Hexes
 + Level 1.0 Summonings
 + Level 1.0 Necromancy
 + Level 5.5 Translocations
 + Level 1.0 Transmutations
 + Level 1.0 Fire Magic
 + Level 1.0 Ice Magic
 + Level 1.0 Air Magic
 + Level 1.0 Earth Magic
 + Level 1.0 Poison Magic
 + Level 1.4 Invocations
 + Level 1.2 Evocations


You had 13 spell levels left.
You didn't know any spells.
Your spell library contained the following spells:

 Spells                   Type           Power      Damage    Failure   Level
 Blink                    Tloc           32%        N/A       3%          2
 Lesser Beckoning         Tloc           32%        N/A       3%          2
 Teleport Other           Tloc           16%        N/A       8%          3
 Vhi's Electric Charge    Tloc/Air       20%        N/A       19%         3
 Manifold Assault         Tloc           16%        N/A       24%         4


Dungeon Overview and Level Annotations

Branches:
Dungeon (2/15)

Altars:
Dithmenos


Innate Abilities, Weirdness & Mutations

You have very sharp teeth.
Your uncanny sense of smell can sniff out nearby items.
Your experience applies equally to all skills.


Message History

You hit the orc wizard but do no damage.
The orc wizard is moderately wounded.
The orc wizard misses you.
You barely miss the orc wizard.
The orc wizard is moderately wounded.
You hit the orc wizard but do no damage.
You bite the orc wizard.
The orc wizard is moderately wounded.
The orc wizard closely misses you.
You hit the orc wizard.
The orc wizard is heavily wounded.
The orc wizard hits you but does no damage.
You hit the orc wizard but do no damage.
The orc wizard is heavily wounded.
The orc wizard hits you but does no damage.
You hit the orc wizard but do no damage.
The orc wizard is heavily wounded.
The orc wizard hits you but does no damage.
You hit the orc wizard but do no damage.
Your bite misses the orc wizard.
The orc wizard is heavily wounded.
The orc wizard hits you with a +0 dagger.
* * * LOW HITPOINT WARNING * * *
You hit the orc wizard.
The orc wizard is severely wounded.
The orc wizard casts a spell at you.
You are confused.
You barely miss the orc wizard.
The orc wizard is severely wounded.
The orc wizard casts a spell at you. The puff of flame hits you.
* * * LOW HITPOINT WARNING * * *
You hit the orc wizard but do no damage.
The orc wizard is severely wounded.
The orc wizard hits you with a +0 dagger.
* * * LOW HITPOINT WARNING * * *
You barely miss the orc wizard.
The orc wizard is severely wounded.
The orc wizard hits you with a +0 dagger.
You die...

..............# #.# #........
####.#######.## #.# #.######.
#........# #.# #.# #.# #.
#.>....#.# #.# #.# #.# #.
#.##.#.#.###.## #.# #.# #.
#.##.....^....###.# #.# #.
......#...........# #.# #.
........####..###########.# #.
#)..##### #...o@.........# #.
#.#.# ##.##..###.##### ##
#.#.# #.##....).## #.#.#####
#.#..####..# #.#.....# #.#.##
##.# #.#.#...#####.#.#
#.###### ...#............##
##......##
....#......§§≈§.§####..≈≈≈≈..#
.....##...≈≈≈≈§§......≈≈≈≈.≈.#
#


You could see an orc wizard.

Vanquished Creatures
  Robin (D:2)
  An adder (D:2)
  A worm (D:2)
  3 dart slugs
  2 orcs (D:2)
  An endoplasm (D:1)
  14 giant cockroaches (D:2)
  11 goblins
  7 hobgoblins
  2 quokkas
  4 ball pythons
  5 bats
  6 frilled lizards
  A kobold (D:1)
  5 rats
64 creatures vanquished.

Notes
Turn   | Place    | Note
-------+----------+-------------------------------------------
     0 | D:1      | coffeetime the Gnoll Warper began the quest for the Orb.
     0 | D:1      | Reached XP level 1. HP: 20/20 MP: 6/6
   241 | D:1      | Reached XP level 2. HP: 17/26 MP: 7/7
   503 | D:1      | Found a faded altar of an unknown god.
   524 | D:1      | Prayed at the altar of an unknown god.
   524 | D:1      | Became a worshipper of Dithmenos the Shadowed
   524 | D:1      | Reached * piety under Dithmenos
   785 | D:2      | Reached skill level 5 in Spellcasting
   785 | D:2      | Reached XP level 3. HP: 31/31 MP: 7/9
   934 | D:2      | Reached skill level 1 in Invocations
  1014 | D:2      | Reached skill level 1 in Short Blades
  1014 | D:2      | Reached skill level 1 in Long Blades
  1014 | D:2      | Reached skill level 1 in Axes
  1014 | D:2      | Reached skill level 1 in Maces & Flails
  1014 | D:2      | Reached skill level 1 in Staves
  1014 | D:2      | Reached skill level 1 in Ranged Weapons
  1014 | D:2      | Reached skill level 1 in Stealth
  1014 | D:2      | Reached skill level 1 in Shields
  1014 | D:2      | Reached skill level 1 in Unarmed Combat
  1014 | D:2      | Reached skill level 1 in Evocations
  1079 | D:2      | Reached XP level 4. HP: 27/38 MP: 11/11
  1247 | D:2      | Reached ** piety under Dithmenos
  1483 | D:2      | Noticed Robin
  1496 | D:2      | Reached skill level 1 in Conjurations
  1496 | D:2      | Reached skill level 1 in Hexes
  1496 | D:2      | Reached skill level 1 in Summonings
  1496 | D:2      | Reached skill level 1 in Necromancy
  1496 | D:2      | Reached skill level 1 in Transmutations
  1496 | D:2      | Reached skill level 1 in Fire Magic
  1496 | D:2      | Reached skill level 1 in Ice Magic
  1496 | D:2      | Reached skill level 1 in Air Magic
  1496 | D:2      | Reached skill level 1 in Earth Magic
  1496 | D:2      | Reached skill level 1 in Poison Magic
  1548 | D:2      | Killed Robin
  2059 | D:1      | HP: 1/38 [orc wizard/+0 dagger (2)]
  2060 | D:1      | Slain by an orc wizard

Illustrated notes

Levels and vault maps discovered:
D:1:      dpeg_arrival_pits, layout_loops_ring, ebering_ecumenical_altar_webs,
          corner_web_ring, minmay_tripent
D:2:      minmay_roachtagon, layout_loops_ring, uniq_robin

Skill      XL: |  1  2  3  4 |
---------------+-------------+-----
Spellcasting   | 5 |  5.1
Invocations    | 1 |  1.4
Short Blades   | 1 |  1.2
Long Blades    | 1 |  1.2
Axes           | 1 |  1.2
Maces & Flails | 1 |  1.2
Staves         | 1 |  1.2
Ranged Weapons | 1 |  1.2
Stealth        | 1 |  1.2
Shields        | 1 |  1.2
Unarmed Combat | 1 |  1.2
Evocations     | 1 |  1.2
Conjurations   | 1 |  1.0
Hexes          | 1 |  1.0
Summonings     | 1 |  1.0
Necromancy     | 1 |  1.0
Transmutations | 1 |  1.0
Fire Magic     | 1 |  1.0
Ice Magic      | 1 |  1.0
Air Magic      | 1 |  1.0
Earth Magic    | 1 |  1.0
Poison Magic   | 1 |  1.0
Fighting       | |  4.7
Polearms       | |  4.7
Throwing       | |  2.8
Armour         | |  2.8
Dodging        | |  4.7
Translocations | |  5.5

Action                     |  1- 3 |  4- 6 || total
---------------------------+-------+-------++-------
  Melee: Spear             |    88 |       ||    88
         Bite              |    23 |    18 ||    41
         Short sword       |    90 |   160 ||   250
         Punch             |     2 |     1 ||     3
  Throw: Boomerang         |       |     1 ||     1
   Stab: Sleeping          |     1 |       ||     1
 Armour: Leather armour    |    40 |    27 ||    67
  Dodge: Dodged            |    94 |   113 ||   207

Table legend: (Time is in decaauts)
 A = Elapsed time spent in this place.
 B = Non-inter-level travel time spent in this place.
 C = Inter-level travel time spent in this place.
 D = Time resting spent in this place.
 E = Time spent auto-exploring this place.
 F = Levels seen in this place.
 G = Mean time per level.
                   A        B        C        D        E       F      G
               +--------+--------+--------+--------+--------+-----+--------+
         Total |   2032 |   2016 |     16 |    219 |   1088 |   2 | 1016.0 |
       Dungeon |   2032 |   2016 |     16 |    219 |   1088 |   2 | 1016.0 |
               +--------+--------+--------+--------+--------+-----+--------+

Top non-repeatable levels by time:
     D:2: 1314 daAuts
     D:1: 718 daAuts
